 Dungeon Crawl Stone Soup version 0.32-a0-86-g8db1b9f803 (webtiles) character file.

Game seed: 14354254195840802316

8582 Ceno the Fighter (level 11, -4/84 HPs)
             Began as a Djinni Fire Elementalist on Feb 6, 2024.
             Was an Initiate of Gozag.
             Killed from afar by a manticore (15 damage)
             ... with a volley of spikes
             ... on level 10 of the Dungeon.
             The game lasted 00:43:25 (11928 turns).

Ceno the Fighter (Djinni Fire Elementalist)        Turns: 11928, Time: 00:43:27

Health: -4/84      AC: 10    Str:  9    XL:     11   Next: 58%
Gold:   2328       EV: 21    Int: 19    God:    Gozag SH:  5 Dex: 14

rFire   + + .        a - +1 scimitar
rCold   x . .        k - +0 buckler
rNeg    . . .        b - +0 leather armour
rPois   ∞            (no helmet)
rElec   .            (no cloak)
rCorr   .            y - +2 pair of gloves
SInv    .            (boots unavailable)
Will    +....        (no amulet)
Stlth   +++          j - ring of the Hare {EV+10}
HPRegen 0.34/turn    O - +4 ring of protection
MPRegen 0.00/turn

%: infuse magic (-5 HP)
@: brilliant, spiked, flying
A: sickness immunity, fire resistance 2, cold vulnerability 1, float, innate
caster, HP casting, extra vitality 1
a: Renounce Religion, Potion Petition, Call Merchant, Bribe Branch


You were on level 10 of the Dungeon.
You worshipped Gozag.
Gozag was most pleased with you.
You visited 2 branches of the dungeon, and saw 11 of its levels.
You also visited: Sewer, Ossuary and Bailey.

You collected 2393 gold pieces.
You paid 65 gold pieces to Gozag.

Inventory:

Hand Weapons
 a - a +1 scimitar (weapon)
 e - a +0 short sword
Missiles
 d - 144 stones
 u - 3 curare-tipped darts
 J - 27 poisoned darts
Armour
 b - a +0 leather armour (worn)
 k - a +0 buckler (worn)
 y - a +2 pair of gloves (worn)
Jewellery
 j - the ring of the Hare (left hand) {EV+10}
   (You found it on level 3 of the Dungeon)

   [ring of evasion]

   EV+10:     It affects your evasion (+10).
 v - a +6 ring of intelligence
 E - a ring of fire
 H - a +6 ring of dexterity
 K - a +6 ring of dexterity
 O - a +4 ring of protection (right hand)
 P - a +6 ring of intelligence
 Q - a +4 ring of slaying
Wands
 q - a wand of digging (6)
 x - a wand of polymorph (10)
 M - a wand of iceblast (8)
 T - a wand of paralysis (4)
Scrolls
 h - a scroll of silence {unknown}
 i - 4 scrolls of revelation
 m - 3 scrolls of blinking
 s - 2 scrolls of teleportation
 w - 2 scrolls of poison
 D - a scroll of fear
 F - a scroll of torment
 I - a scroll of enchant weapon
 R - a scroll of noise {unknown}
Potions
 c - 2 potions of degeneration
 f - 2 potions of haste
 g - a potion of ambrosia
 l - 3 potions of invisibility
 n - 2 potions of brilliance
 o - a potion of enlightenment
 r - 6 potions of heal wounds
 t - 5 potions of mutation {unknown}
 z - 7 potions of curing
 A - a potion of attraction {unknown}
 C - 2 potions of might {unknown}
 L - a potion of magic {unknown}
 N - a potion of experience {unknown}
 S - a potion of lignification {unknown}


   Skills:
 + Level 9.6 Fighting
 + Level 6.1 Long Blades
 - Level 2.1 Dodging
 - Level 5.0 Stealth
 - Level 5.0 Shields
 + Level 8.8 Spellcasting
 + Level 8.8 Conjurations
 + Level 8.8 Hexes
   Level 0.0 Charms
 + Level 8.8 Summonings
 + Level 8.8 Necromancy
 + Level 8.8 Translocations
   Level 0.0 Transmutations
 + Level 8.8 Fire Magic
 + Level 8.8 Ice Magic
 + Level 8.8 Air Magic
 + Level 8.8 Earth Magic
 + Level 8.8 Alchemy


You knew the following spells:

 Your Spells              Type           Power      Damage    Failure   Level
a - Foxfire               Conj/Fire      100%       2x1d9     1%          1
b - Scorch                Fire           100%       2d9       1%          2
c - Volatile Blastmotes   Fire/Tloc      100%       2d18      1%          3
d - Flame Wave            Conj/Fire      58%        2d14      4%          4
e - Inner Flame           Hex/Fire       58%        N/A       1%          3
f - Sting                 Conj/Alch      100%       1d9       1%          1
g - Static Discharge      Conj/Air       100%       3-8/arc   1%          2
h - Dazzling Flash        Conj/Hex       100%       N/A       1%          3
i - Dispel Undead         Necr           58%        3d21      4%          4
j - Dimensional Bullseye  Hex/Tloc       29%        N/A       4%          4
Your spell library was empty.

Dungeon Overview and Level Annotations

Branches:
Dungeon (10/15)            Temple (1/1) D:4            Lair (0/5) D:8
    Orc (0/2) D:9           Sewer (visited)         Ossuary (visited)
 Bailey (visited)

Altars:
Ashenzari
Cheibriados
Dithmenos
Elyvilon
Fedhas
Gozag
Hepliaklqana
Makhleb
Nemelex Xobeh
Okawaru
Qazlal
Ru
Trog
Uskayaw
Wu Jian
Xom
Yredelemnul
Zin
The Shining One

Shops:
D:4 !   D:6 [   D:7 [


Innate Abilities, Weirdness & Mutations

You are immune to sickness and miasma.
You are immune to poison.
Your flesh is very heat resistant. (rF++)
You are vulnerable to cold. (rC-)
You float through the air rather than walking.
You learn spells naturally, not from books.
Your magical power is your life essence.
You have superior vitality. (+4 MHP)


Message History

You now have 2316 gold pieces (gained 6).
You now have 2321 gold pieces (gained 5).
You now have 2328 gold pieces (gained 7).
You reach down and open the door.
A white ugly thing, a manticore, a purple ugly thing and an orc warrior come into view.
The orc warrior is wielding the +10 trident "Lupper" {freeze, Dex+2}.
Found five items.
You feel clever all of a sudden.
The purple ugly thing gurgles horribly!
The white ugly thing gurgles horribly!
The orc warrior shouts!
The manticore misses you. x2; You block the manticore's attack.
Casting: Scorch (safe; 1% risk of failure)
Confirm with . or Enter, or press ? or * to list all spells.
You feel a surge of power!
A cloud of volatile blastmotes flares up around you!
Run!
The manticore bites you!
The manticore claws you but does no damage.
You block the manticore's attack.
The cloud of blastmotes explodes!
The concussive blast engulfs the manticore!!
The manticore is heavily wounded.
The concussive blast engulfs you! You resist.
You are knocked back by the blast.
Casting: Volatile Blastmotes (safe; 1% risk of failure)
Confirm with . or Enter, or press ? or * to list all spells.
You feel a surge of power!
A cloud of volatile blastmotes flares up around you!
Run!
The white ugly thing basks in the mutagenic energy from its kin and changes!
The manticore flicks its tail.
The volley of spikes skewers you!!
The barbed spikes become lodged in your body.
* * * LOW HITPOINT WARNING * * *
Unknown command.
The barbed spikes dig painfully into your body as you move.
* * * LOW HITPOINT WARNING * * *
The manticore flicks its tail.
The volley of spikes skewers you!
The barbed spikes become lodged in your body.
You die...
Your body crumbles into a pile of gold.

#...########..................##.
#..............#.##.###.#####.##.
#...########.###.##.# #.#####.##.
#..## #.....##.###.......... #..#
#####.##.............. ...#
########################## ##.#
###...........#
#.###.'....)......# *****####
#.##..#....))).@..# *,,,,....
#.##.##...#####...######+#*,.###
##.##.##...#,,,#§.[........*#.*
.......#...#,,,#Hu.........*#.*
##.....#...#,,,#...........*#.* #
#######...#,,,#o#######...*#.* #
*,,,....#,ß,...,,,,,*,..*#.*##
*,,.....#,,..u.ß,,,,*,,.*#.##.
*,,,,,,,*,..?....,,,*,,,##.#.#


You could see 2 ugly things, a manticore and an orc warrior.

Vanquished Creatures
  2 two-headed ogres (D:10)
  A wyvern (D:9)
  7 yaks
  A wraith (D:10)
  2 steam dragons (D:8)
  An acid dragon (D:10)
  3 orc warriors
  3 water moccasins
  4 ice beasts
  A sky beast (D:8)
  2 black bears
  4 ogres
  A centaur (D:9)
  A wolf (D:7)
  3 phantoms
  9 kobold brigands
  3 bullfrogs
  A gnoll sergeant (Bailey)
  An elf skeleton (D:5)
  8 wights
  11 scorpions
  6 killer bees
  6 howler monkeys
  2 centaur zombies (Ossuary)
  A bombardier beetle (D:4)
  4 hounds
  A human zombie (Ossuary)
  2 jellies (D:7)
  6 orc priests
  A gnoll bouda (Bailey)
  A human skeleton (D:5)
  2 sleepcaps
  Natasha (twice) (D:3)
  2 iguanas (D:6)
  8 orc wizards
  2 scorpion zombies (Ossuary)
  3 mummies (Ossuary)
  6 gnolls (Bailey)
  14 adders
  A river rat (D:4)
  A shadow imp (D:8)
  3 adder zombies (Ossuary)
  2 dart slugs
  8 ribbon worms
  18 orcs
  8 ball pythons
  5 bats
  8 endoplasms
  12 giant cockroaches
  3 gnoll zombies (Ossuary)
  13 goblins
  3 hobgoblins
  2 jackals (D:3)
  8 quokkas
  3 ball python zombies (Ossuary)
  2 jackal zombies (Ossuary)
  26 kobolds
  4 orc skeletons (D:5)
  3 orc zombies (Ossuary)
  12 rats
283 creatures vanquished.

Vanquished Creatures (others)
  285 foxfires
285 creatures vanquished.

Grand Total: 568 creatures vanquished

Notes
Turn   | Place    | Note
-------+----------+-------------------------------------------
     0 | D:1      | Ceno the Djinni Fire Elementalist began the quest for the
                  | Orb.
     0 | D:1      | Ceno set off with the following spells memorised: Foxfire,
                  | Scorch, Volatile Blastmotes, Inner Flame, Flame Wave.
     0 | D:1      | Reached XP level 1. HP: 15/15 MP: 0/0
    92 | D:1      | Reached XP level 2. HP: 20/22 MP: 0/0
   732 | D:1      | Reached skill level 1 in Fighting
  1018 | D:2      | Reached XP level 3. HP: 25/27 MP: 0/0
  1018 | D:2      | Learned a level 1 spell: Sting
  1391 | D:2      | Reached XP level 4. HP: 24/32 MP: 0/0
  2217 | D:3      | Noticed Natasha
  2227 | D:3      | Killed Natasha
  2265 | D:3      | Found a blossoming altar of Fedhas.
  2271 | D:3      | Found an opulent altar of Gozag.
  2294 | D:3      | Became a worshipper of Gozag Ym Sagoz the Greedy
  2381 | D:3      | Reached XP level 5. HP: 31/38 MP: 0/0
  2381 | D:3      | Learned a level 2 spell: Static Discharge
  2395 | D:3      | Reached skill level 2 in Fighting
  2444 | D:3      | Found the ring of the Hare {EV+10}
  2707 | D:3      | Noticed Natasha
  2710 | D:3      | Killed Natasha
  3077 | D:4      | Reached XP level 6. HP: 43/45 MP: 0/0
  3077 | D:4      | Found Dyfoudo's Distillery.
  3165 | D:4      | Found a staircase to the Ecumenical Temple.
  3171 | Temple   | Entered the Ecumenical Temple
  3643 | D:4      | Reached skill level 3 in Fighting
  3661 | D:4      | Found a glowing drain.
  3678 | Sewer    | Entered a sewer
  3743 | Sewer    | Reached XP level 7. HP: 45/50 MP: 0/0
  3743 | Sewer    | Learned a level 3 spell: Dazzling Flash
  3857 | Sewer    | Reached skill level 5 in Spellcasting
  3857 | Sewer    | Reached skill level 5 in Conjurations
  3857 | Sewer    | Reached skill level 5 in Hexes
  3857 | Sewer    | Reached skill level 5 in Summonings
  3857 | Sewer    | Reached skill level 5 in Necromancy
  3857 | Sewer    | Reached skill level 5 in Translocations
  3857 | Sewer    | Reached skill level 5 in Fire Magic
  3857 | Sewer    | Reached skill level 5 in Ice Magic
  3857 | Sewer    | Reached skill level 5 in Air Magic
  3857 | Sewer    | Reached skill level 5 in Earth Magic
  3857 | Sewer    | Reached skill level 5 in Alchemy
  4505 | Sewer    | Reached skill level 4 in Fighting
  4505 | Sewer    | Reached XP level 8. HP: 51/58 MP: 0/0
  4919 | D:5      | Entered Level 5 of the Dungeon
  5350 | D:5      | Reached skill level 1 in Shields
  5386 | D:5      | Found a sand-covered staircase.
  5435 | Ossuary  | Entered an ossuary
  5792 | Ossuary  | Reached skill level 5 in Fighting
  5800 | Ossuary  | Reached XP level 9. HP: 49/65 MP: 0/0
  5800 | Ossuary  | Learned a level 4 spell: Dispel Undead
  5815 | Ossuary  | Reached skill level 5 in Stealth
  6775 | D:6      | Reached skill level 6 in Fighting
  7203 | D:6      | Found Jasugich's Antique Armour Shoppe.
  7299 | D:6      | Reached skill level 5 in Shields
  7340 | D:6      | Reached XP level 10. HP: 68/73 MP: 0/0
  7346 | D:6      | Reached skill level 1 in Long Blades
  7522 | D:6      | Reached skill level 7 in Fighting
  8098 | D:7      | Found a flagged portal.
  8156 | Bailey   | Entered a bailey
  8574 | Bailey   | Noticed Grum
  8622 | D:7      | Reached skill level 8 in Fighting
  8785 | D:7      | Found Naefu's Antique Armour Shoppe.
  9549 | D:8      | Found a staircase to the Lair.
  9831 | D:8      | Reached XP level 11. HP: 65/82 MP: 0/0
  9831 | D:8      | Learned a level 4 spell: Dimensional Bullseye
 10385 | D:9      | Reached skill level 5 in Long Blades
 10472 | D:9      | Found a staircase to the Orcish Mines.
 10571 | D:9      | Identified the +7 chain mail "Nuotinkoc" {rN+++}
 10758 | D:9      | Reached skill level 9 in Fighting
 10765 | D:9      | Found a shimmering altar of Xom.
 11296 | D:10     | Entered Level 10 of the Dungeon
 11602 | D:10     | Noticed a two-headed ogre
 11613 | D:10     | Killed a two-headed ogre
 11854 | D:10     | Noticed a two-headed ogre
 11864 | D:10     | Killed a two-headed ogre
 11922 | D:10     | Noticed a white ugly thing
 11922 | D:10     | Noticed a manticore
 11922 | D:10     | Noticed a purple ugly thing
 11922 | D:10     | Identified the +10 trident "Lupper" {freeze, Dex+2}
 11928 | D:10     | Killed from afar by a manticore

Illustrated notes

Levels and vault maps discovered:
D:1:      elethiomel_arrival_quiet, layout_basic, minmay_tetromino_s2
D:2:      layout_basic, solitary_fountain
D:3:      minmay_roachtagon, layout_rooms, minitemple,
          nicolae_elevator_lobby_asterisk, uniq_natasha
D:4:      layout_cave_pools, minmay_temple_entry_enclosed_plants, serial_shops,
          shop, portal_sewer_entry_e, grunt_decor_junction,
          chequers_serial_rivers_micro_d, chequers_serial_rivers_small_a
D:5:      layout_basic, nicolae_ossuary_entry_catacombs, grunt_ministairs_10
D:6:      cheibrodos_helix_gallery, layout_gridville, serial_shops, shop,
          serial_bayou_pond_d
D:7:      layout_rooms, enter_bailey_3, serial_shops, nicolae_square_shop
D:8:      layout_rooms, dpeg_oklobed_lair, hangedman_decor_riveting
D:9:      layout_irregular_city, xom_butterflies, orc_0_dummy
D:10:     kennysheep_blocky_room, layout_loops_ring
Temple:   nicolae_temple_bog_church

Skill      XL: |  1  2  3  4  5  6  7  8  9 10 11 |
---------------+----------------------------------+-----
Fighting       | 1 2 3 4 5 6 8 9 |  9.6
Stealth        | 2 3 4 5 |  5.0
Spellcasting   | 4 5 6 7 8 |  8.8
Conjurations   | 4 5 6 7 8 |  8.8
Hexes          | 4 5 6 7 8 |  8.8
Summonings     | 4 5 6 7 8 |  8.8
Necromancy     | 4 5 6 7 8 |  8.8
Translocations | 4 5 6 7 8 |  8.8
Fire Magic     | 4 5 6 7 8 |  8.8
Ice Magic      | 4 5 6 7 8 |  8.8
Air Magic      | 4 5 6 7 8 |  8.8
Earth Magic    | 4 5 6 7 8 |  8.8
Alchemy        | 4 5 6 7 8 |  8.8
Shields        | 2 5 |  5.0
Long Blades    | 4 6 |  6.1
Dodging        | |  2.1

Action                     |  1- 3 |  4- 6 |  7- 9 | 10-12 || total
---------------------------+-------+-------+-------+-------++-------
  Melee: Short sword       |     7 |    16 |    12 |       ||    35
         Punch             |       |       |     2 |       ||     2
         Long sword        |       |       |       |     9 ||     9
         Unarmed           |       |       |       |     9 ||     9
   Cast: Foxfire           |    16 |    11 |    56 |    80 ||   163
         Scorch            |    14 |    44 |    73 |    73 ||   204
         Volatile Blastmot |     3 |    20 |    33 |    37 ||    93
         Sting             |       |     3 |       |     2 ||     5
         Inner Flame       |       |     9 |    22 |    26 ||    57
         Flame Wave        |       |       |     7 |    10 ||    17
    Use: Scroll            |       |     3 |     3 |    12 ||    18
         Potion            |       |       |       |     1 ||     1
   Stab: Distracted        |       |       |     1 |       ||     1
         Sleeping          |       |       |     1 |       ||     1
 Armour: Leather armour    |    13 |    25 |    13 |    32 ||    83
         Robe              |     1 |       |       |       ||     1
         Skin              |       |       |       |     6 ||     6
  Dodge: Dodged            |     5 |    29 |    42 |    59 ||   135
  Block: Buckler           |       |       |       |    23 ||    23

Table legend: (Time is in decaauts)
 A = Elapsed time spent in this place.
 B = Non-inter-level travel time spent in this place.
 C = Inter-level travel time spent in this place.
 D = Time resting spent in this place.
 E = Time spent auto-exploring this place.
 F = Levels seen in this place.
 G = Mean time per level.
                   A        B        C        D        E       F      G
               +--------+--------+--------+--------+--------+-----+--------+
         Total |  11926 |  11654 |    272 |   1967 |   6057 |  14 |  851.9 |
       Dungeon |   9950 |   9678 |    272 |   1458 |   5477 |  10 |  995.0 |
        Temple |      1 |      1 |      0 |      0 |      0 |   1 |    1.0 |
         Sewer |    909 |    909 |      0 |     56 |    421 |   1 |  909.0 |
       Ossuary |    624 |    624 |      0 |    107 |    159 |   1 |  624.0 |
        Bailey |    439 |    439 |      0 |    346 |      0 |   1 |  439.0 |
               +--------+--------+--------+--------+--------+-----+--------+

Top non-repeatable levels by time:
     D:9: 1228 daAuts
     D:5: 1186 daAuts
     D:2: 1131 daAuts
     D:4: 1062 daAuts
     D:8: 1022 daAuts
     D:1: 1015 daAuts
     D:6: 965 daAuts
     D:3: 936 daAuts
   Sewer: 909 daAuts
     D:7: 802 daAuts
 Ossuary: 624 daAuts
    D:10: 600 daAuts
  Bailey: 439 daAuts
  Temple: 1 daAuts
